 Dungeon Crawl Stone Soup version 0.31-a0-176-g91f28db67f (webtiles) character file.

Game seed: 13399052395092621230

4641 qw the Skirmisher (level 10, -3/96 HPs)
             Began as a Naga Hunter on June 17, 2023.
             Killed by divine providence
             ... invoked by an orc priest
              (8 damage)
             ... on level 8 of the Dungeon.
             The game lasted 00:02:53 (7084 turns).

qw the Skirmisher (Naga Hunter)                     Turns: 7084, Time: 00:02:53

Health: -3/96      AC: 13    Str: 15    XL:     10   Next: 43%
Magic:  10/10      EV: 16    Int:  9    God:
Gold:   57         SH:  0    Dex: 18    Spells: 9/9 levels left

rFire   . . .        Y - +3 orcbow (elec)
rCold   + . .        (shield currently unavailable)
rNeg    . . .        d - +3 leather armour {rC+}
rPois   +            e - +1 helmet
rElec   .            i - +0 cloak
rCorr   .            g - +1 pair of gloves of Yredelemnul's Reproof {rPois Slay+3 Stlth-}
SInv    +            (no barding)
Will    +....        (no amulet)
Stlth   +            l - +4 ring of slaying {mikee}
HPRegen 0.36/turn    m - +5 ring of evasion
MPRegen 0.12/turn

%: no passive effects
@: short of breath, very slow
A: AC +3, large, see invisible, deformed body, poison resistance, slowness 2,
spit poison 1, naga tail 1
a: Spit Poison


You were on level 8 of the Dungeon.
You visited 2 branches of the dungeon, and saw 9 of its levels.

You collected 342 gold pieces.
You spent 285 gold pieces at shops.


Innate Abilities, Weirdness & Mutations

Your serpentine skin is tough. (AC +3)
You have supernaturally acute eyesight. (SInv)
Armour fits poorly on your strangely shaped body.
Your system is resistant to poisons. (rPois)
You cover ground very slowly.
You can spit poison.
You have a snake-like lower body.


   Skills:
 - Level 8.1 Fighting
 + Level 11.2 Ranged Weapons
 - Level 2.2 Armour
 - Level 4.1 Dodging
 - Level 1.5 Stealth


You had 9 spell levels left.
You didn't know any spells.
Your spell library was empty.

Inventory:

Hand Weapons
 Y - a +3 orcbow of electrocution (weapon)
Armour
 b - a +4 ring mail of poison resistance
 d - a +3 leather armour of cold resistance (worn)
 e - a +1 helmet (worn)
 g - the +1 pair of gloves of Yredelemnul's Reproof (worn) {rPois Slay+3 Stlth-}
   (You acquired it on level 6 of the Dungeon)

   Slay:      It affects your accuracy & damage with ranged weapons and melee
   (+3).
   rPois:     It protects you from poison.
   Stlth:     It makes you less stealthy.
 i - a +0 cloak (worn)
Jewellery
 l - a +4 ring of slaying (left hand) {mikee}
 m - a +5 ring of evasion (right hand)
 o - a ring of protection from fire
Scrolls
 j - 4 scrolls of identify
Potions
 a - 4 potions of enlightenment
 h - 3 potions of curing

Dungeon Overview and Level Annotations

Branches:
Dungeon (8/15)             Temple (1/1) D:5
   Lair: D:8-11

Altars:
Ashenzari
Cheibriados
Dithmenos
Elyvilon
Fedhas
Hepliaklqana
Kikubaaqudgha
Makhleb
Nemelex Xobeh
Qazlal
Ru
Sif Muna
Uskayaw
Vehumet
Xom
Yredelemnul
Zin
The Shining One

Shops:
D:7 [![(


Message History

The orc misses you. The yak closely misses you. The yak barely misses you.
The howler monkey misses you.
You shoot an arrow. The arrow hits the yak!
The yak is moderately wounded.
The orc priest hits you with a +0 mace. The orc closely misses you.
A wight comes into view. It is wielding a +2 battleaxe.
A wight comes into view. It is wielding a +0 battleaxe.
The orc hits you but does no damage.
The orc wizard hits you with a +0 dagger.
The shadow imp gestures at you.
The orc wizard struggles to resist.
The yak gores you. The yak gores you but does no damage.
The howler monkey hoots and howls with incredible vigour!
You shoot an arrow. The arrow hits the yak!
Lightning courses through the yak!
You kill the yak!
You have got your breath back.
The orc hits you but does no damage. The orc closely misses you.
The orc priest hits you with a +0 mace.
The orc wizard hits you with a +0 dagger.
The yak barely misses you.
The howler monkey hoots and howls with incredible vigour!
The water moccasin closely misses you.
7083 ||| INVOKING Spit Poison.
Aiming: Spit Poison (1% risk of failure)
Press: ? - help, Shift-Dir - straight line, f - yak The splash of poison misses the yak.
The orc closely misses you.
The orc priest looks encouraged for a moment.
The orc closely misses you.
The orc wizard hits you but does no damage.
The yak gores you.
The howler monkey hits you but does no damage.
The water moccasin misses you.
You shoot an arrow. The arrow hits the water moccasin!
The water moccasin is heavily wounded.
The water moccasin bites you. The orc barely misses you.
The howler monkey closely misses you. The orc priest completely misses you.
The orc priest invokes the aid of Beogh against you.
Beogh smites you!
You die... ## #####.### ##..#....# #......... ##oo..z... #Y@o5.# #SFho.#

#.ooo.zz....
#..o.......#
..).........#
.......#.#.#...
.......#...# ..
.<#....>...# .
..#..#. ...


You could see a yak, a water moccasin, a bullfrog, a howler monkey, 3 wights, 2
orc priests, an orc wizard (invisible), a shadow imp and 5 orcs.

Vanquished Creatures
  Eustachio (D:4)
  4 yaks (D:8)
  3 steam dragons
  Edmund (D:4)
  3 water moccasins
  3 orc warriors
  2 ice beasts
  2 ogres
  4 phantoms
  Blork the orc (D:5)
  4 bullfrogs
  A gnoll sergeant (D:6)
  5 scorpions
  5 wights (D:7)
  2 howler monkeys (D:8)
  3 jellies
  8 orc priests
  3 hounds
  Jessica (D:2)
  2 sleepcaps
  Ijyb (D:3)
  Natasha (twice) (D:2)
  3 iguanas
  9 orc wizards
  13 gnolls
  6 adders
  2 ufetubi
  4 worms
  2 dart slugs
  26 orcs
  4 endoplasms
  7 giant cockroaches
  7 hobgoblins
  7 jackals (D:1)
  8 kobolds
  4 quokkas (D:1)
  6 ball pythons
  3 bats
  A frilled lizard (D:1)
  14 goblins
  10 rats
197 creatures vanquished.

Notes
Turn   | Place    | Note
-------+----------+-------------------------------------------
     0 | D:1      | qw the Naga Hunter began the quest for the Orb.
     0 | D:1      | Reached XP level 1. HP: 19/19 MP: 1/1
     0 | D:1      | 0 ||| qw: Version: 0.3-a-5-g6f28e65
     0 | D:1      | 0 ||| qw: Game counter: 430
     0 | D:1      | 0 ||| qw: Always use a shield: true
     0 | D:1      | 0 ||| qw: God list: Okawaru
     0 | D:1      | 0 ||| qw: Allow faded altars: false
     0 | D:1      | 0 ||| qw: Do Orc after D:15 true
     0 | D:1      | 0 ||| qw: Do second Lair branch before Depths: true
     0 | D:1      | 0 ||| qw: Lair rune preference: random
     0 | D:1      | 0 ||| qw: Plans: Normal
     0 | D:1      | 0 ||| PLANNING D:1-11
    34 | D:1      | 34 ||| INVOKING Spit Poison.
    64 | D:1      | 64 ||| INVOKING Spit Poison.
    68 | D:1      | 68 ||| INVOKING Spit Poison.
    71 | D:1      | 71 ||| INVOKING Spit Poison.
    77 | D:1      | 77 ||| INVOKING Spit Poison.
    81 | D:1      | HP: 4/19 [quokka (1)]
    82 | D:1      | 82 ||| INVOKING Spit Poison.
    85 | D:1      | 85 ||| INVOKING Spit Poison.
    86 | D:1      | Reached skill level 4 in Ranged Weapons
    86 | D:1      | Reached XP level 2. HP: 5/26 MP: 2/2
   193 | D:1      | 193 ||| INVOKING Spit Poison.
   197 | D:1      | 197 ||| INVOKING Spit Poison.
   201 | D:1      | 201 ||| INVOKING Spit Poison.
   233 | D:1      | 233 ||| INVOKING Spit Poison.
   239 | D:1      | 239 ||| INVOKING Spit Poison.
   252 | D:1      | 252 ||| INVOKING Spit Poison.
   258 | D:1      | 258 ||| INVOKING Spit Poison.
   338 | D:1      | 338 ||| INVOKING Spit Poison.
   339 | D:1      | Reached XP level 3. HP: 32/32 MP: 3/3
   406 | D:1      | 406 ||| INVOKING Spit Poison.
   422 | D:1      | 422 ||| INVOKING Spit Poison.
   423 | D:1      | 423 ||| INVOKING Spit Poison.
   455 | D:1      | 455 ||| INVOKING Spit Poison.
   592 | D:1      | 592 ||| INVOKING Spit Poison.
   598 | D:1      | 598 ||| INVOKING Spit Poison.
   604 | D:1      | 604 ||| INVOKING Spit Poison.
   683 | D:1      | 683 ||| INVOKING Spit Poison.
   793 | D:1      | 793 ||| INVOKING Spit Poison.
   824 | D:1      | 824 ||| UPGRADING to +0 cloak.
   829 | D:1      | 829 ||| UPGRADING to +4 ring of slaying {mikee}.
   830 | D:1      | 830 ||| READING scroll labelled HISAET OMOWN.
   835 | D:1      | 835 ||| READING scroll labelled LANIGY GUAMIRULYDA.
   836 | D:1      | 836 ||| READING scroll labelled LAR PEUSTOA.
   894 | D:1      | 894 ||| READING 2 scrolls labelled COTEXT WERERO.
   895 | D:1      | 895 ||| READING scroll labelled NAPSINK KARUEN.
   896 | D:1      | 896 ||| DROPPING scroll of butterflies.
   920 | D:2      | 920 ||| INVOKING Spit Poison.
   925 | D:2      | 925 ||| INVOKING Spit Poison.
   938 | D:2      | Found a faded altar of an unknown god.
   939 | D:2      | 939 ||| INVOKING Spit Poison.
   993 | D:2      | Noticed Jessica
   994 | D:2      | 994 ||| INVOKING Spit Poison.
   995 | D:2      | Noticed Natasha
   996 | D:2      | 996 ||| Stepping ~*~*~tactically~*~*~ (outnumbered).
   997 | D:2      | 997 ||| INVOKING Spit Poison.
   997 | D:2      | Killed Jessica
   998 | D:2      | Reached skill level 5 in Ranged Weapons
   998 | D:2      | Reached XP level 4. HP: 39/39 MP: 4/4
  1003 | D:2      | 1003 ||| INVOKING Spit Poison.
  1009 | D:2      | Killed Natasha
  1212 | D:2      | 1212 ||| INVOKING Spit Poison.
  1270 | D:2      | 1270 ||| INVOKING Spit Poison.
  1282 | D:2      | 1282 ||| INVOKING Spit Poison.
  1295 | D:2      | 1295 ||| INVOKING Spit Poison.
  1325 | D:2      | 1325 ||| INVOKING Spit Poison.
  1392 | D:2      | Noticed Natasha
  1394 | D:2      | Killed Natasha
  1395 | D:2      | Reached skill level 3 in Fighting
  1395 | D:2      | Reached XP level 5. HP: 49/49 MP: 5/5
  1430 | D:2      | 1430 ||| INVOKING Spit Poison.
  1479 | D:2      | 1479 ||| INVOKING Spit Poison.
  1575 | D:2      | 1575 ||| DRINKING 2 orange potions.
  1598 | D:3      | 1598 ||| INVOKING Spit Poison.
  1688 | D:3      | 1688 ||| INVOKING Spit Poison.
  1693 | D:3      | 1693 ||| INVOKING Spit Poison.
  1699 | D:3      | 1699 ||| INVOKING Spit Poison.
  1729 | D:3      | 1729 ||| INVOKING Spit Poison.
  1741 | D:3      | 1741 ||| INVOKING Spit Poison.
  1849 | D:3      | 1849 ||| INVOKING Spit Poison.
  1854 | D:3      | 1854 ||| INVOKING Spit Poison.
  1855 | D:3      | 1855 ||| INVOKING Spit Poison.
  1863 | D:3      | 1863 ||| INVOKING Spit Poison.
  1879 | D:3      | 1879 ||| INVOKING Spit Poison.
  1944 | D:3      | 1944 ||| INVOKING Spit Poison.
  1945 | D:3      | 1945 ||| INVOKING Spit Poison.
  2069 | D:3      | 2069 ||| INVOKING Spit Poison.
  2114 | D:3      | Noticed Ijyb
  2115 | D:3      | 2115 ||| INVOKING Spit Poison.
  2120 | D:3      | 2120 ||| INVOKING Spit Poison.
  2121 | D:3      | HP: 12/49 [Ijyb/puff of flame (7)]
  2122 | D:3      | 2122 ||| READING scroll of teleportation.
  2124 | D:3      | 2124 ||| INVOKING Spit Poison.
  2315 | D:3      | 2315 ||| INVOKING Spit Poison.
  2317 | D:3      | Reached XP level 6. HP: 56/56 MP: 6/6
  2337 | D:3      | 2337 ||| INVOKING Spit Poison.
  2444 | D:3      | 2444 ||| INVOKING Spit Poison.
  2452 | D:3      | 2452 ||| INVOKING Spit Poison.
  2455 | D:3      | 2455 ||| INVOKING Spit Poison.
  2457 | D:3      | Reached skill level 6 in Ranged Weapons
  2459 | D:3      | 2459 ||| INVOKING Spit Poison.
  2670 | D:3      | 2670 ||| INVOKING Spit Poison.
  2673 | D:3      | 2673 ||| INVOKING Spit Poison.
  2680 | D:3      | 2680 ||| INVOKING Spit Poison.
  2685 | D:3      | 2685 ||| INVOKING Spit Poison.
  2685 | D:3      | HP: 11/56 [Ijyb/+3 dagger of protection (4)]
  2686 | D:3      | 2686 ||| READING scroll of teleportation.
  2919 | D:3      | 2919 ||| READING 2 scrolls of identify.
  2919 | D:3      | 2919 ||| IDENTIFYING sedimented inky potion
  2925 | D:3      | 2925 ||| INVOKING Spit Poison.
  2928 | D:3      | 2928 ||| INVOKING Spit Poison.
  2929 | D:3      | Killed Ijyb
  2970 | D:3      | 2970 ||| UPGRADING to +4 ring mail of poison resistance.
  2980 | D:3      | 2980 ||| DROPPING +0 leather armour.
  2984 | D:4      | 2984 ||| INVOKING Spit Poison.
  3052 | D:4      | 3052 ||| INVOKING Spit Poison.
  3099 | D:4      | Noticed Edmund
  3101 | D:4      | 3101 ||| INVOKING Spit Poison.
  3105 | D:4      | 3105 ||| INVOKING Spit Poison.
  3108 | D:4      | 3108 ||| INVOKING Spit Poison.
  3112 | D:4      | 3112 ||| INVOKING Spit Poison.
  3113 | D:4      | Killed Edmund
  3114 | D:4      | Reached XP level 7. HP: 23/63 MP: 7/7
  3131 | D:4      | 3131 ||| INVOKING Spit Poison.
  3258 | D:4      | 3258 ||| INVOKING Spit Poison.
  3284 | D:4      | 3284 ||| INVOKING Spit Poison.
  3289 | D:4      | 3289 ||| INVOKING Spit Poison.
  3290 | D:4      | HP: 12/63 [ogre/+0 giant club (14)]
  3291 | D:4      | 3291 ||| READING scroll of teleportation.
  3293 | D:4      | 3293 ||| FLEEEEING.
  3294 | D:4      | 3294 ||| STAIRDANCE
  3304 | D:4      | 3304 ||| INVOKING Spit Poison.
  3309 | D:4      | 3309 ||| INVOKING Spit Poison.
  3367 | D:4      | Noticed Eustachio
  3368 | D:4      | 3368 ||| INVOKING Spit Poison.
  3372 | D:4      | 3372 ||| INVOKING Spit Poison.
  3376 | D:4      | 3376 ||| INVOKING Spit Poison.
  3377 | D:4      | 3377 ||| Stepping ~*~*~tactically~*~*~ (outnumbered).
  3383 | D:4      | Killed Eustachio
  3384 | D:4      | Reached skill level 7 in Ranged Weapons
  3530 | D:4      | 3530 ||| INVOKING Spit Poison.
  3558 | D:4      | 3558 ||| INVOKING Spit Poison.
  3570 | D:4      | 3570 ||| INVOKING Spit Poison.
  3572 | D:4      | Reached XP level 8. HP: 69/73 MP: 8/8
  3588 | D:4      | 3588 ||| INVOKING Spit Poison.
  3611 | D:4      | 3611 ||| DRINKING 2 cyan potions.
  3613 | D:4      | 3613 ||| INVOKING Spit Poison.
  3645 | D:4      | 3645 ||| INVOKING Spit Poison.
  3789 | D:4      | 3789 ||| INVOKING Spit Poison.
  3811 | D:4      | 3811 ||| INVOKING Spit Poison.
  3821 | D:4      | 3821 ||| INVOKING Spit Poison.
  3834 | D:4      | 3834 ||| INVOKING Spit Poison.
  3837 | D:4      | 3837 ||| INVOKING Spit Poison.
  3843 | D:4      | 3843 ||| INVOKING Spit Poison.
  3850 | D:4      | 3850 ||| INVOKING Spit Poison.
  3857 | D:4      | 3857 ||| INVOKING Spit Poison.
  3922 | D:4      | 3922 ||| INVOKING Spit Poison.
  3927 | D:4      | 3927 ||| INVOKING Spit Poison.
  3930 | D:4      | 3930 ||| Stepping ~*~*~tactically~*~*~ (outnumbered).
  3933 | D:4      | Reached skill level 8 in Ranged Weapons
  3934 | D:4      | 3934 ||| INVOKING Spit Poison.
  3940 | D:4      | 3940 ||| INVOKING Spit Poison.
  3958 | D:4      | 3958 ||| INVOKING Spit Poison.
  4013 | D:4      | 4013 ||| INVOKING Spit Poison.
  4110 | D:4      | 4110 ||| UPGRADING to +0 helmet.
  4115 | D:4      | 4115 ||| READING scroll labelled XANUNN ROELEY.
  4116 | D:4      | 4116 ||| READING scroll labelled LOK NEFIRROFE.
  4217 | D:4      | 4217 ||| READING 2 scrolls of identify.
  4217 | D:4      | 4217 ||| IDENTIFYING yellow potion
  4218 | D:4      | 4218 ||| DROPPING potion of invisibility.
  4219 | D:4      | 4219 ||| DROPPING potion of degeneration.
  4233 | D:5      | Entered Level 5 of the Dungeon
  4234 | D:5      | 4234 ||| INVOKING Spit Poison.
  4237 | D:5      | 4237 ||| INVOKING Spit Poison.
  4276 | D:5      | Noticed Blork the orc
  4279 | D:5      | 4279 ||| INVOKING Spit Poison.
  4283 | D:5      | Killed Blork the orc
  4294 | D:5      | 4294 ||| INVOKING Spit Poison.
  4302 | D:5      | 4302 ||| INVOKING Spit Poison.
  4368 | D:5      | 4368 ||| INVOKING Spit Poison.
  4386 | D:5      | 4386 ||| INVOKING Spit Poison.
  4455 | D:5      | Found a staircase to the Ecumenical Temple.
  4456 | D:5      | 4456 ||| PLANNING TEMPLE
  4462 | Temple   | Entered the Ecumenical Temple
  4594 | Temple   | 4594 ||| PLANNING D:1-11
  4706 | D:5      | 4706 ||| INVOKING Spit Poison.
  4829 | D:5      | 4829 ||| READING scroll labelled BOUDIRARUM.
  4883 | D:6      | 4883 ||| INVOKING Spit Poison.
  4889 | D:6      | 4889 ||| INVOKING Spit Poison.
  4890 | D:6      | 4890 ||| Stepping ~*~*~tactically~*~*~ (outnumbered).
  4895 | D:6      | 4895 ||| INVOKING Spit Poison.
  4902 | D:6      | 4902 ||| INVOKING Spit Poison.
  4908 | D:6      | 4908 ||| INVOKING Spit Poison.
  4911 | D:6      | Reached skill level 9 in Ranged Weapons
  4911 | D:6      | 4911 ||| INVOKING Spit Poison.
  4989 | D:6      | 4989 ||| INVOKING Spit Poison.
  5013 | D:6      | Reached XP level 9. HP: 73/82 MP: 9/9
  5085 | D:6      | Reached skill level 6 in Fighting
  5142 | D:6      | 5142 ||| Stepping ~*~*~tactically~*~*~ (cloud).
  5143 | D:6      | 5143 ||| Stepping ~*~*~tactically~*~*~ (cloud).
  5144 | D:6      | 5144 ||| Stepping ~*~*~tactically~*~*~ (cloud).
  5145 | D:6      | 5145 ||| Stepping ~*~*~tactically~*~*~ (cloud).
  5147 | D:6      | 5147 ||| INVOKING Spit Poison.
  5152 | D:6      | 5152 ||| INVOKING Spit Poison.
  5156 | D:6      | HP: 13/84 [steam dragon/ball of steam (16)]
  5158 | D:6      | 5158 ||| INVOKING Spit Poison.
  5159 | D:6      | HP: 5/84 [steam dragon (3)]
  5469 | D:6      | 5469 ||| INVOKING Spit Poison.
  5487 | D:6      | 5487 ||| INVOKING Spit Poison.
  5490 | D:6      | 5490 ||| INVOKING Spit Poison.
  5537 | D:6      | 5537 ||| INVOKING Spit Poison.
  5557 | D:6      | 5557 ||| INVOKING Spit Poison.
  5564 | D:6      | 5564 ||| INVOKING Spit Poison.
  5706 | D:6      | 5706 ||| INVOKING Spit Poison.
  5710 | D:6      | 5710 ||| INVOKING Spit Poison.
  5837 | D:6      | 5837 ||| INVOKING Spit Poison.
  5840 | D:6      | 5840 ||| INVOKING Spit Poison.
  5912 | D:6      | 5912 ||| INVOKING Spit Poison.
  5917 | D:6      | 5917 ||| INVOKING Spit Poison.
  5961 | D:6      | 5961 ||| INVOKING Spit Poison.
  5964 | D:6      | 5964 ||| INVOKING Spit Poison.
  5966 | D:6      | Reached skill level 10 in Ranged Weapons
  5970 | D:6      | Reached skill level 3 in Dodging
  6126 | D:6      | 6126 ||| READING scroll labelled IKKOOMN QYENA.
  6127 | D:6      | 6127 ||| READING 3 scrolls labelled YREUSUN QIEDOKHI.
  6127 | D:6      | Identified 3 scrolls of acquirement
  6127 | D:6      | 6127 ||| ACQUIRING +1 shortbow of freezing
  6127 | D:6      | Acquired a +1 shortbow of freezing
  6129 | D:6      | 6129 ||| SWAPPING to +1 shortbow of freezing.
  6130 | D:6      | 6130 ||| DROPPING +0 shortbow.
  6131 | D:6      | 6131 ||| READING 2 scrolls of acquirement.
  6131 | D:6      | 6131 ||| ACQUIRING +2 orcbow of electrocution
  6131 | D:6      | Acquired a +2 orcbow of electrocution
  6132 | D:6      | 6132 ||| READING scroll of acquirement.
  6132 | D:6      | 6132 ||| ACQUIRING +1 pair of gloves of Yredelemnul's
                  | Reproof {rPois Slay+3 Stlth-}
  6132 | D:6      | Acquired the +1 pair of gloves of Yredelemnul's Reproof
                  | {rPois Slay+3 Stlth-}
  6134 | D:6      | 6134 ||| SWAPPING to +2 orcbow of electrocution.
  6135 | D:6      | 6135 ||| DROPPING +1 shortbow of freezing.
  6136 | D:6      | 6136 ||| UPGRADING to +1 pair of gloves of Yredelemnul's
                  | Reproof {rPois Slay+3 Stlth-}.
  6141 | D:6      | 6141 ||| READING scroll labelled MAPHOEPL VING.
  6142 | D:6      | 6142 ||| DRINKING 3 red potions.
  6143 | D:6      | 6143 ||| READING 6 scrolls of identify.
  6143 | D:6      | 6143 ||| IDENTIFYING puce potion
  6144 | D:6      | 6144 ||| DROPPING potion of lignification.
  6183 | D:6      | 6183 ||| INVOKING Spit Poison.
  6191 | D:6      | 6191 ||| INVOKING Spit Poison.
  6204 | D:7      | 6204 ||| INVOKING Spit Poison.
  6218 | D:7      | Found Raff's Antique Armour Shop.
  6219 | D:7      | Found Dusiseel's Distillery.
  6226 | D:7      | 6226 ||| BUYING runed leather armour (135 gold).
  6226 | D:7      | Bought a runed leather armour for 135 gold pieces
  6233 | D:7      | 6233 ||| BUYING 2 potions of enlightenment (150 gold).
  6233 | D:7      | Bought 2 potions of enlightenment for 150 gold pieces
  6233 | D:7      | 6233 ||| SHOPLISTING 2 potions of heal wounds (150 gold,
                  | have 5).
  6233 | D:7      | 6233 ||| SHOPLISTING potion of haste (150 gold, have 5).
  6233 | D:7      | 6233 ||| SHOPLISTING potion of might (60 gold, have 5).
  6233 | D:7      | 6233 ||| SHOPLISTING potion of mutation (120 gold, have 5).
  6239 | D:7      | 6239 ||| INVOKING Spit Poison.
  6251 | D:7      | 6251 ||| INVOKING Spit Poison.
  6268 | D:7      | 6268 ||| READING scroll of enchant armour.
  6268 | D:7      | 6268 ||| ENCHANTING +0 helmet.
  6306 | D:7      | 6306 ||| INVOKING Spit Poison.
  6309 | D:7      | 6309 ||| INVOKING Spit Poison.
  6312 | D:7      | 6312 ||| INVOKING Spit Poison.
  6314 | D:7      | HP: 21/86 [orc priest/divine providence (9)]
  6315 | D:7      | 6315 ||| READING scroll of teleportation.
  6316 | D:7      | 6316 ||| DRINKING 2 potions of heal wounds.
  6318 | D:7      | Found a basalt altar of Yredelemnul.
  6441 | D:7      | 6441 ||| INVOKING Spit Poison.
  6444 | D:7      | Reached XP level 10. HP: 94/94 MP: 10/10
  6446 | D:7      | Reached skill level 11 in Ranged Weapons
  6491 | D:7      | Found Ixits's Armour Shop.
  6496 | D:7      | 6496 ||| INVOKING Spit Poison.
  6499 | D:7      | 6499 ||| INVOKING Spit Poison.
  6500 | D:7      | 6500 ||| Stepping ~*~*~tactically~*~*~ (outnumbered).
  6504 | D:7      | 6504 ||| INVOKING Spit Poison.
  6509 | D:7      | 6509 ||| INVOKING Spit Poison.
  6660 | D:7      | 6660 ||| INVOKING Spit Poison.
  6688 | D:7      | 6688 ||| INVOKING Spit Poison.
  6785 | D:7      | Found Xiot's Weapon Shop.
  6787 | D:7      | 6787 ||| Stepping ~*~*~tactically~*~*~ (outnumbered).
  6788 | D:7      | 6788 ||| Stepping ~*~*~tactically~*~*~ (outnumbered).
  6789 | D:7      | 6789 ||| INVOKING Spit Poison.
  6796 | D:7      | 6796 ||| INVOKING Spit Poison.
  6800 | D:7      | 6800 ||| INVOKING Spit Poison.
  7002 | D:7      | 7002 ||| UPGRADING to +3 leather armour of cold resistance.
  7012 | D:7      | 7012 ||| UPGRADING to +5 ring of evasion.
  7013 | D:7      | 7013 ||| DROPPING ring of protection from cold.
  7014 | D:7      | 7014 ||| READING scroll labelled LIASTR WUESUSCHI.
  7015 | D:7      | 7015 ||| READING 5 scrolls of identify.
  7015 | D:7      | 7015 ||| IDENTIFYING bubbling pink potion
  7016 | D:7      | 7016 ||| DROPPING potion of magic.
  7036 | D:8      | 7036 ||| INVOKING Spit Poison.
  7038 | D:8      | 7038 ||| Stepping ~*~*~tactically~*~*~ (outnumbered).
  7043 | D:8      | 7043 ||| INVOKING Spit Poison.
  7050 | D:8      | 7050 ||| INVOKING Spit Poison.
  7055 | D:8      | 7055 ||| INVOKING Spit Poison.
  7061 | D:8      | 7061 ||| INVOKING Spit Poison.
  7064 | D:8      | 7064 ||| INVOKING Spit Poison.
  7068 | D:8      | 7068 ||| INVOKING Spit Poison.
  7073 | D:8      | HP: 23/96 [howler monkey (3)]
  7074 | D:8      | 7074 ||| DRINKING potion of heal wounds.
  7076 | D:8      | 7076 ||| INVOKING Spit Poison.
  7079 | D:8      | 7079 ||| INVOKING Spit Poison.
  7080 | D:8      | HP: 24/96 [orc priest/divine providence (13)]
  7082 | D:8      | HP: 11/96 [orc wizard/+0 dagger (3)]
  7083 | D:8      | 7083 ||| INVOKING Spit Poison.
  7084 | D:8      | HP: 5/96 [water moccasin (3)]
  7084 | D:8      | Killed from afar by an orc priest

Levels and vault maps discovered:
D:1:      ncdulo_wetmaze, layout_basic, serial_bayou_pond_b, st_stairs_7
D:2:      layout_loops_ring, shapermc_ecumenical_altar_mp_highgroup,
          uniq_jessica, uniq_natasha
D:3:      minmay_evil_eye, layout_basic, uniq_ijyb
D:4:      layout_loops_ring, minmay_a_box_with_orc_wizards_in_it, uniq_edmund,
          uniq_eustachio
D:5:      layout_gridville, minmay_temple_entry_overgrown,
          hangedman_decor_clover_reticule, grunt_ministairs_3,
          chequers_serial_rivers_micro_d, hangedman_decor_riveting,
          uniq_blork_the_orc
D:6:      minmay_razor_zed, layout_rooms
D:7:      layout_loops_cross, lemuel_round_altar, serial_shops,
          nicolae_stop_n_shop_2, nicolae_shop_waterfront, shop,
          nicolae_shop_bloodbath_and_beyond
D:8:      layout_cave_pools, fountainhead
Temple:   nicolae_temple_bog_church

Skill      XL: |  1  2  3  4  5  6  7  8  9 10 |
---------------+-------------------------------+-----
Ranged Weapons | 4 5 6 7 9 10 11 | 11.2
Fighting       | 3 4 5 7 8 |  8.1
Armour         | 2 |  2.2
Dodging        | 2 3 4 |  4.1
Stealth        | |  1.5

Action                     |  1- 3 |  4- 6 |  7- 9 | 10-12 || total
---------------------------+-------+-------+-------+-------++-------
   Fire: Shortbow          |    61 |   102 |   248 |       ||   411
         Orcbow            |       |       |    34 |    61 ||    95
Ability: Spit Poison       |    28 |    41 |    70 |    19 ||   158
    Use: Scroll            |     5 |     3 |    13 |     2 ||    23
         Potion            |       |     1 |     3 |     1 ||     5
 Armour: Leather armour    |     6 |     8 |       |    28 ||    42
         Ring mail         |       |       |   118 |     8 ||   126
  Dodge: Dodged            |    22 |    18 |    79 |    79 ||   198

Table legend:
 A = Non-vault XP
 B = Vault XP
 C = Vault XP percentage of total XP
 D = Non-vault monster count
 E = Vault monster count
 F = Vault count percentage of total count
                 A         B        C        D         E       F
            +---------+---------+-------+---------+---------+-------
      Total |    5251 |    1379 |  20.8 |     166 |      31 |  15.7
            +---------+---------+-------+---------+---------+-------
        D:1 |      42 |      14 |  25.0 |      26 |       7 |  21.2
        D:2 |      63 |      73 |  53.7 |      16 |       2 |  11.1
        D:3 |     212 |      48 |  18.5 |      21 |       6 |  22.2
        D:4 |     662 |     442 |  40.0 |      32 |       4 |  11.1
        D:5 |     493 |     113 |  18.6 |       9 |       3 |  25.0
        D:6 |     975 |     689 |  41.4 |      22 |       9 |  29.0
        D:7 |    1508 |       0 |   0.0 |      27 |       0 |   0.0
        D:8 |    1296 |       0 |   0.0 |      13 |       0 |   0.0
            +---------+---------+-------+---------+---------+-------
